 Dungeon Crawl Stone Soup version 0.30-a0-1160-g6e42c06551 (webtiles) character file.

Game seed: 6387645994308104610

371 MacCMillion the Digger (level 6, 0/32 HPs)
             Began as a Gargoyle Earth Elementalist on Apr 27, 2023.
             Slain by a gnoll sergeant
             ... wielding a +0 spear of freezing
              (2 damage)
             ... on level 4 of the Dungeon.
             The game lasted 00:09:11 (4763 turns).

MacCMillion the Digger (GrEE)                       Turns: 4763, Time: 00:09:11

Health: 0/32       AC:  6    Str: 10    XL:     6   Next: 70%
Magic:  3/10       EV: 11    Int: 17    God:
Gold:   155        SH:  0    Dex: 10    Spells: 7/11 levels left

rFire   . . .        f - +0 dagger
rCold   + . .        (no shield)
rNeg    + . .        a - +0 robe
rPois   ∞            (no helmet)
rElec   +            (no cloak)
rCorr   .            (no gloves)
SInv    .            (no boots)
Will    +....        (no amulet)
Stlth   ++           k - ring of Uniuleul {Wiz +Blink rC+ Will+ Str-2}
HPRegen 0.25/turn    (no ring)
MPRegen 0.12/turn

%: wizardry (x1)
@: no status effects
A: sickness immunity, AC +4, negative energy resistance 1, electricity
resistance, torment resistance 1, petrification resistance
a: Evoke Blink


You were on level 4 of the Dungeon.
You visited 1 branch of the dungeon, and saw 4 of its levels.

You collected 155 gold pieces.

Inventory:

Hand Weapons
 f - a +0 dagger (weapon)
Armour
 a - a +0 robe (worn)
Jewellery
 k - the ring of Uniuleul (left hand) {Wiz +Blink rC+ Will+ Str-2}
   (You found it on level 2 of the Dungeon)

   [ring of wizardry]

   It improves your spell success rate.
   Str:       It affects your strength (-2).
   rC:        It protects you from cold.
   +Blink:    It lets you blink.
   Will:      It increases your willpower.
Wands
 r - a wand of charming (12)
Scrolls
 d - 3 scrolls of enchant armour {unknown}
 e - 4 scrolls of teleportation {unknown}
 i - 3 scrolls of vulnerability {unknown}
 j - a scroll of enchant weapon {unknown}
 l - 2 scrolls of amnesia {unknown}
 n - 4 scrolls of identify {unknown}
 o - a scroll of immolation {unknown}
 p - a scroll of blinking {unknown}
 q - a scroll of noise {unknown}
Potions
 b - a potion of magic
 c - 4 potions of curing {unknown}
 g - a potion of berserk rage {unknown}
 h - a potion of invisibility {unknown}
 m - a potion of brilliance {unknown}


   Skills:
 - Level 1.5 Dodging
 - Level 2.1 Stealth
 + Level 3.1 Spellcasting
 + Level 3.8 Conjurations
 - Level 0.7 Transmutations
 + Level 6.8 Earth Magic


You had 7 spell levels left.
You knew the following spells:

 Your Spells              Type           Power      Damage    Failure   Level
a - Sandblast             Erth           50%        2d12      1%          1
b - Stone Arrow           Conj/Erth      40%        3d9       2%          3

Your spell library contained the following spells:

 Spells                   Type           Power      Damage    Failure   Level
 Passwall                 Tmut/Erth      12%        N/A       2%          2
 Petrify                  Tmut/Erth      15%        N/A       16%         4


Dungeon Overview and Level Annotations

Branches:
Dungeon (4/15)
 Temple: D:4-7

Altars:

Shops:
D:3 (

Annotations:
D:2 1 runed translucent door, Crazy Yiuf
D:3 Ijyb


Innate Abilities, Weirdness & Mutations

You are immune to sickness and miasma.
Your stone body is resilient. (AC +4)
You are immune to poison.
You resist negative energy. (rN+)
You are resistant to electric shocks. (rElec)
You are resistant to unholy torment.
You are immune to petrification.


Message History

r - a wand of charming (12)
e - 4 scrolls labelled UPLOGR IPOERO (gained 1)
An iguana comes into view.
Found a scroll labelled YMMAROMNES.
The iguana hisses angrily.
The blast of sand hits the gnoll!
You kill the gnoll!
The blast of sand hits the iguana!
The iguana is heavily wounded.
The blast of sand hits the iguana.
The iguana is severely wounded.
The gnoll sergeant shouts!
The blast of sand misses the iguana.
The iguana completely misses you.
The blast of sand hits the iguana but does no damage.
The iguana is severely wounded.
The iguana barely misses you. x2
The blast of sand hits the iguana but does no damage.
The iguana is severely wounded.
The iguana misses you.
The gnoll sergeant completely misses you.
The blast of sand hits the iguana.
You kill the iguana!
The gnoll sergeant hits you from afar with a +0 spear of freezing.
The gnoll sergeant hits you but does no damage.
A gnoll comes into view. It is wielding a +0 spear.
The blast of sand misses the gnoll sergeant.
The gnoll sergeant hits you from afar with a +0 spear of freezing!
The blast of sand misses the gnoll sergeant.
The gnoll sergeant hits you from afar with a +0 spear of freezing.
The gnoll sergeant hits you but does no damage.
The blast of sand hits the gnoll sergeant.
The gnoll sergeant is lightly wounded.
The gnoll sergeant hits you from afar with a +0 spear of freezing!
The gnoll sergeant freezes you.
* * * LOW HITPOINT WARNING * * *
There is a stone staircase leading up here.
The gnoll sergeant hits you from afar with a +0 spear of freezing!
* * * LOW HITPOINT WARNING * * *
The gnoll sergeant freezes you.
You die...

#......#......##.⌠....?
#).###...[.....#.....#.
###...##......##.##......
#........#....##..#......
#.##...#.#....##.###.....
..##.#...#.........#..⌠..
....)#.####....g##.##...#
....)#.####.#.......#
...).#..........@...#
....)..........####.#
...).######..### # .<...#
##.# .....# #... .....#
### .†...# ..<..# ######


You could see a gnoll sergeant.

Vanquished Creatures
  A scorpion (D:4)
  2 orc priests (D:3)
  An iguana (D:4)
  An orc wizard (D:3)
  10 gnolls
  An adder (D:3)
  A dart slug (D:1)
  12 orcs
  6 ball pythons
  2 endoplasms
  5 giant cockroaches
  8 goblins
  10 hobgoblins
  4 jackals (D:1)
  5 quokkas
  2 bats
  3 frilled lizards
  10 kobolds
  5 rats
89 creatures vanquished.

Notes
Turn   | Place    | Note
-------+----------+-------------------------------------------
     0 | D:1      | MacCMillion the Gargoyle Earth Elementalist began the quest
                  | for the Orb.
     0 | D:1      | Reached XP level 1. HP: 10/10 MP: 3/3
   190 | D:1      | Reached skill level 4 in Earth Magic
   338 | D:1      | Reached XP level 2. HP: 15/15 MP: 1/5
   898 | D:1      | Reached skill level 5 in Earth Magic
   898 | D:1      | Reached XP level 3. HP: 14/19 MP: 3/6
   902 | D:1      | Learned a level 3 spell: Stone Arrow
  2436 | D:2      | Reached skill level 1 in Conjurations
  2496 | D:2      | Identified the ring of Uniuleul {Wiz +Blink rC+ Will+
                  | Str-2}
  2685 | D:2      | Reached XP level 4. HP: 21/24 MP: 2/7
  3166 | D:2      | Reached XP level 5. HP: 28/28 MP: 2/8
  3320 | D:2      | Found a runed translucent door.
  3321 | D:2      | Noticed Crazy Yiuf
  3438 | D:3      | Reached skill level 6 in Earth Magic
  3690 | D:3      | Noticed Ijyb
  3753 | D:3      | Found Viavutom's Antique Weapon Shop.
  4153 | D:3      | Reached XP level 6. HP: 32/32 MP: 5/9
  4763 | D:4      | Slain by a gnoll sergeant

Illustrated notes

Levels and vault maps discovered:
D:1:      dpeg_arrival_snail, layout_loops_ring, minmay_misc_feat_pillars
D:2:      layout_basic, uniq_crazy_yiuf_cottage
D:3:      layout_basic, serial_shops, shop, uniq_ijyb
D:4:      minmay_skewed_foursquare, layout_rooms, uniq_duvessa

Skill      XL: |  1  2  3  4  5  6 |
---------------+-------------------+-----
Earth Magic    | 4 5 6 |  6.8
Conjurations   | 1 2 3 |  3.8
Spellcasting   | 3 |  3.1
Dodging        | |  1.5
Stealth        | |  2.1
Transmutations | |  0.7

Action                     |  1- 3 |  4- 6 || total
---------------------------+-------+-------++-------
  Melee: Dagger            |     3 |     1 ||     4
   Cast: Sandblast         |    61 |    88 ||   149
 Armour: Robe              |     6 |     5 ||    11
  Dodge: Dodged            |    15 |    19 ||    34

Table legend: (Time is in decaauts)
 A = Elapsed time spent in this place.
 B = Non-inter-level travel time spent in this place.
 C = Inter-level travel time spent in this place.
 D = Time resting spent in this place.
 E = Time spent auto-exploring this place.
 F = Levels seen in this place.
 G = Mean time per level.
                   A        B        C        D        E       F      G
               +--------+--------+--------+--------+--------+-----+--------+
         Total |   4841 |   4527 |    314 |   1116 |   2605 |   4 | 1210.2 |
       Dungeon |   4841 |   4527 |    314 |   1116 |   2605 |   4 | 1210.2 |
               +--------+--------+--------+--------+--------+-----+--------+

Top non-repeatable levels by time:
     D:1: 2330 daAuts
     D:3: 1188 daAuts
     D:2: 1120 daAuts
     D:4: 202 daAuts
